SAA
ST. PETERSBURG THUNDER @ ATLANTIC CITY SONICS
09/06/2041
 
TOP OF THE 1ST
St. Petersburg Thunder batting - Pitching for Atlantic City Sonics : RHP Jonas Wisse
Pitching: RHP Jonas Wisse
Batting: LHB Lorenzo Ortíz 0-0: Called Strike
0-1: Swinging Strike
0-2: Ball
1-2: Strikes out swinging
Batting: LHB Caspar Fewings 0-0: Called Strike
0-1: Fly out, F7 (Flyball, 78M, EV 90.6 MPH)
Batting: LHB Tippi Degré 0-0: Called Strike
0-1: Called Strike
0-2: Ball
1-2: Fly out, F5 (Popup, 5SF, EV 80.6 MPH)
Top of the 1st over - 0 runs, 0 hits, 0 errors, 0 left on base; St. Petersburg 0 - Atlantic City 0
BOTTOM OF THE 1ST
Atlantic City Sonics batting - Pitching for St. Petersburg Thunder : RHP Jhon Aimar
Pitching: RHP Jhon Aimar
Batting: RHB Yong-ho Jheon 0-0: Ball
1-0: Foul Ball, location: 2F
1-1: Bunt for hit to 25 - play at first, batter OUT! 5-3
Batting: RHB Garm van Opdorp 0-0: Foul Ball, location: 2F
0-1: Foul Ball, location: 2F
0-2: Ball
1-2: Ground out 6-3 (Groundball, 6M, EV 104.4 MPH)
Batting: RHB August Force 0-0: Foul Ball, location: 2F
0-1: Ball
1-1: SINGLE (Groundball, 34, EV 90.0 MPH) (infield hit)
Batting: SHB John Clements 0-0: Ball
1-0: Called Strike
1-1: Ground out 1-3 (Groundball, 34S, EV 86.9 MPH)
Bottom of the 1st over - 0 runs, 1 hit, 0 errors, 1 left on base; St. Petersburg 0 - Atlantic City 0
TOP OF THE 2ND
St. Petersburg Thunder batting - Pitching for Atlantic City Sonics : RHP Jonas Wisse
Batting: SHB Fernando Urby 0-0: Called Strike
0-1: Ball
1-1: Foul Ball, location: 2F
1-2: Ball
2-2: Fly out, F3 (Line Drive, 3, EV 70.0 MPH)
Batting: RHB Gene Blanton 0-0: Called Strike
0-1: Ground out 1-3 (Groundball, 34S, EV 64.4 MPH)
Batting: LHB Carlos Leyva 0-0: SINGLE (Line Drive, 5D, EV 94.4 MPH)
Batting: RHB Alfred Coleman 0-0: Called Strike
0-1: Ball
Carlos Leyva is caught stealing 2nd base 2-4
Top of the 2nd over - 0 runs, 1 hit, 0 errors, 0 left on base; St. Petersburg 0 - Atlantic City 0
BOTTOM OF THE 2ND
Atlantic City Sonics batting - Pitching for St. Petersburg Thunder : RHP Jhon Aimar
Batting: LHB Luis González 0-0: Foul Ball, location: 2F
0-1: Ball
1-1: Called Strike
1-2: Ball
2-2: Ground out 5-3 (Groundball, 5L, EV 91.2 MPH)
Batting: RHB Raffaello Dichio 0-0: Ball
1-0: Called Strike
1-1: Ball
2-1: Called Strike
2-2: Ball
3-2: Ground out 4-3 (Groundball, 34, EV 105.0 MPH)
Batting: RHB Denis Perrin 0-0: Ball
1-0: Called Strike
1-1: Ball
2-1: Ball
3-1: Base on Balls
Batting: RHB Abhipala Srivastav 0-0: 2-RUN HOME RUN (Flyball, 7D, EV 111.9 MPH), Distance : 374 ft
Batting: RHB Doug Tipton 0-0: Fly out, F5 (Line Drive, 5, EV 65.6 MPH)
Bottom of the 2nd over - 2 runs, 1 hit, 0 errors, 0 left on base; St. Petersburg 0 - Atlantic City 2
TOP OF THE 3RD
St. Petersburg Thunder batting - Pitching for Atlantic City Sonics : RHP Jonas Wisse
Batting: RHB Alfred Coleman 0-0: Ball
1-0: Called Strike
1-1: Foul Ball, location: 2F
1-2: Strikes out swinging
Batting: SHB Tekkan Hayagawa 0-0: Ball
1-0: Called Strike
1-1: Ball
2-1: Fly out, F7 (Flyball, 78M, EV 91.2 MPH)
Batting: RHB Adrián Sánchez 0-0: Swinging Strike
0-1: Ball
1-1: Ball
2-1: Called Strike
2-2: Ball
3-2: Strikes out looking
Top of the 3rd over - 0 runs, 0 hits, 0 errors, 0 left on base; St. Petersburg 0 - Atlantic City 2
BOTTOM OF THE 3RD
Atlantic City Sonics batting - Pitching for St. Petersburg Thunder : RHP Jhon Aimar
Batting: RHB Yong-ho Jheon 0-0: Ball
1-0: Fly out, F8 (Flyball, 78D, EV 98.8 MPH)
Batting: RHB Garm van Opdorp 0-0: Ball
1-0: Called Strike
1-1: Ball
2-1: Foul Ball, location: 2F
2-2: Ground out 1-3 (Groundball, P, EV 60.6 MPH)
Batting: RHB August Force 0-0: Called Strike
0-1: Foul Ball, location: 2F
0-2: Strikes out looking
Bottom of the 3rd over - 0 runs, 0 hits, 0 errors, 0 left on base; St. Petersburg 0 - Atlantic City 2
TOP OF THE 4TH
St. Petersburg Thunder batting - Pitching for Atlantic City Sonics : RHP Jonas Wisse
Batting: LHB Lorenzo Ortíz 0-0: Ball
1-0: Called Strike
1-1: Ball
2-1: Ball
3-1: Ground out 6-3 (Groundball, 6, EV 108.8 MPH)
Batting: LHB Caspar Fewings 0-0: Ball
1-0: Ball
2-0: Fly out, F7 (Flyball, 78M, EV 91.2 MPH)
Batting: LHB Tippi Degré 0-0: Called Strike
0-1: Ball
1-1: Ball
2-1: Foul Ball, location: 2F
2-2: Strikes out looking
Top of the 4th over - 0 runs, 0 hits, 0 errors, 0 left on base; St. Petersburg 0 - Atlantic City 2
BOTTOM OF THE 4TH
Atlantic City Sonics batting - Pitching for St. Petersburg Thunder : RHP Jhon Aimar
Batting: SHB John Clements 0-0: Called Strike
0-1: Ball
1-1: Ball
2-1: Ball
3-1: Base on Balls
Batting: LHB Luis González 0-0: Ball
1-0: Fly out, F7 (Flyball, 7, EV 96.9 MPH)
Batting: RHB Raffaello Dichio 0-0: Ball
John Clements steals 2nd base
1-0: Ball
2-0: DOUBLE (Line Drive, 7LS, EV 107.5 MPH)
John Clements scores
Batting: RHB Denis Perrin 0-0: Ball
1-0: Ball
2-0: Ball
3-0: Base on Balls
Batting: RHB Abhipala Srivastav 0-0: Called Strike
0-1: Swinging Strike
0-2: Ball
1-2: Ball
2-2: Ground out 5-3 (Groundball, 56S, EV 76.2 MPH)
Raffaello Dichio to third
Denis Perrin to second
Batting: RHB Doug Tipton 0-0: Called Strike
0-1: Foul Ball, location: 2F
0-2: Strikes out looking
Bottom of the 4th over - 1 run, 1 hit, 0 errors, 2 left on base; St. Petersburg 0 - Atlantic City 3
TOP OF THE 5TH
St. Petersburg Thunder batting - Pitching for Atlantic City Sonics : RHP Jonas Wisse
Batting: SHB Fernando Urby 0-0: Foul Ball, location: 2F
0-1: Called Strike
0-2: Ball
1-2: SINGLE (Groundball, 34D, EV 97.5 MPH)
Batting: RHB Gene Blanton 0-0: Ball
1-0: Foul Ball, location: 2F
1-1: Foul Ball, location: 2F
1-2: Ball
2-2: Ball
3-2: Foul Ball, location: 2F
3-2: Strikes out swinging
Batting: LHB Carlos Leyva 0-0: Called Strike
0-1: Ball
1-1: Ball
2-1: DOUBLE (Line Drive, 3D, EV 95.6 MPH)
Fernando Urby to third
Batting: RHB Alfred Coleman 0-0: Foul Ball, location: 2F
0-1: Foul Ball, location: 2F
0-2: Ground out 6-3 (Groundball, 6S, EV 78.8 MPH)
Fernando Urby scores
Batting: SHB Tekkan Hayagawa 0-0: Ball
1-0: Ball
2-0: Ball
3-0: Base on Balls
Batting: RHB Adrián Sánchez 0-0: Reached on error, E6 (Groundball, 6, EV 89.4 MPH)
Carlos Leyva to third
Tekkan Hayagawa to second
Batting: LHB Lorenzo Ortíz 0-0: Called Strike
0-1: Swinging Strike
0-2: Strikes out swinging
Top of the 5th over - 1 run, 2 hits, 1 error, 3 left on base; St. Petersburg 1 - Atlantic City 3
BOTTOM OF THE 5TH
Atlantic City Sonics batting - Pitching for St. Petersburg Thunder : RHP Jhon Aimar
Batting: RHB Yong-ho Jheon 0-0: Ball
1-0: Ball
2-0: Foul Ball, location: 2F
2-1: Foul Ball, location: 2F
2-2: Ball
3-2: Foul Ball, location: 2F
3-2: Base on Balls
Batting: RHB Garm van Opdorp 0-0: Ball
1-0: SINGLE (Line Drive, 3D, EV 107.5 MPH)
Yong-ho Jheon to second
Batting: RHB August Force 0-0: Ball
1-0: Ball
2-0: Fly out, F4 (Popup, 4D, EV 50.6 MPH)
Batting: SHB John Clements 0-0: Ball
1-0: Ball
2-0: Swinging Strike
2-1: Reached on error, E4 (Groundball, 4, EV 88.8 MPH)
Yong-ho Jheon to third
Garm van Opdorp to second
Batting: LHB Luis González 0-0: Called Strike
0-1: Ball
1-1: Called Strike
1-2: Ball
2-2: Fielders Choice at 2nd, 3-6 (Groundball, 3, EV 111.2 MPH)
Yong-ho Jheon scores
Garm van Opdorp to third
Batting: RHB Raffaello Dichio 0-0: Ball
1-0: Called Strike
1-1: Called Strike
1-2: Ball
2-2: DOUBLE (Line Drive, 89D, EV 110.6 MPH)
Garm van Opdorp scores
Luis González to third
Runner from 3rd tries for Home, SAFE, no throw by CF
Pitching: RHP Antony Durney
Batting: RHB Denis Perrin 0-0: Ball
1-0: Swinging Strike
1-1: Ball
2-1: Ground out 4-3 (Groundball, 4S, EV 81.2 MPH)
Bottom of the 5th over - 3 runs, 2 hits, 1 error, 1 left on base; St. Petersburg 1 - Atlantic City 6
TOP OF THE 6TH
St. Petersburg Thunder batting - Pitching for Atlantic City Sonics : RHP Jonas Wisse
Batting: LHB Caspar Fewings 0-0: Swinging Strike
0-1: Ball
1-1: Called Strike
1-2: SINGLE (Groundball, 56, EV 80.6 MPH) (infield hit)
Batting: LHB Tippi Degré 0-0: Ball
1-0: Ball
2-0: Foul Ball, location: 2F
2-1: Foul Ball, location: 2F
2-2: Ball
3-2: 2-RUN HOME RUN (Flyball, 9LD, EV 95.0 MPH), Distance : 350 ft
Batting: SHB Fernando Urby 0-0: Swinging Strike
0-1: Called Strike
0-2: Strikes out swinging, 2-3 out at first.
Batting: RHB Gene Blanton 0-0: Ball
1-0: Called Strike
1-1: Ball
2-1: SINGLE (Groundball, 4MD, EV 110.6 MPH)
Batting: LHB Carlos Leyva 0-0: Ball
1-0: SINGLE (Groundball, 4S, EV 70.0 MPH) (infield hit)
Gene Blanton to second
Pitching: RHP Clancy Daly
Batting: RHB Alfred Coleman 0-0: Called Strike
Gene Blanton steals 3rd base
0-1: Ball
1-1: SINGLE (Line Drive, 8LS, EV 88.8 MPH)
Gene Blanton scores
Carlos Leyva to second
Runner from 2nd tries for 3rd, SAFE, throw by CF made to third
Batting: SHB Tekkan Hayagawa 0-0: Called Strike
0-1: Ball
1-1: Swinging Strike
1-2: Foul Ball, location: 2F
1-2: Strikes out looking
Batting: RHB Adrián Sánchez 0-0: Called Strike
0-1: Called Strike
0-2: Strikes out swinging, 2-3 out at first.
Top of the 6th over - 3 runs, 5 hits, 0 errors, 2 left on base; St. Petersburg 4 - Atlantic City 6
BOTTOM OF THE 6TH
Atlantic City Sonics batting - Pitching for St. Petersburg Thunder : RHP Antony Durney
Batting: RHB Abhipala Srivastav 0-0: Fly out, F7 (Flyball, 7LDF, EV 89.4 MPH)
Batting: RHB Doug Tipton 0-0: Ground out 4-3 (Groundball, 4, EV 91.9 MPH)
Batting: RHB Yong-ho Jheon 0-0: Foul Ball, location: 2F
0-1: Called Strike
0-2: Ground out 6-3 (Groundball, 6, EV 110.6 MPH)
Bottom of the 6th over - 0 runs, 0 hits, 0 errors, 0 left on base; St. Petersburg 4 - Atlantic City 6
TOP OF THE 7TH
St. Petersburg Thunder batting - Pitching for Atlantic City Sonics : RHP Clancy Daly
Batting: LHB Lorenzo Ortíz 0-0: Called Strike
0-1: Ball
1-1: Swinging Strike
1-2: Strikes out swinging
Batting: LHB Caspar Fewings 0-0: Called Strike
0-1: Ball
1-1: Ball
2-1: Ground out 1-3 (Groundball, P, EV 90.0 MPH)
Batting: LHB Tippi Degré 0-0: Called Strike
0-1: Ground out U3 (Groundball, 3, EV 102.5 MPH)
Top of the 7th over - 0 runs, 0 hits, 0 errors, 0 left on base; St. Petersburg 4 - Atlantic City 6
BOTTOM OF THE 7TH
Atlantic City Sonics batting - Pitching for St. Petersburg Thunder : RHP Antony Durney
Batting: RHB Garm van Opdorp 0-0: Foul Ball, location: 2F
0-1: Foul Ball, location: 2F
0-2: Ball
1-2: Ball
2-2: Foul Ball, location: 2F
2-2: Ball
3-2: Ground out 4-3 (Groundball, 4, EV 83.1 MPH)
Batting: RHB August Force 0-0: Ball
1-0: Swinging Strike
1-1: Foul Ball, location: 2F
1-2: Fly out, F7 (Flyball, 78XD, EV 80.6 MPH)
Batting: SHB John Clements 0-0: Ball
1-0: Ball
2-0: Called Strike
2-1: Foul Ball, location: 2F
2-2: Fly out, F5 (Line Drive, 5, EV 65.6 MPH)
Bottom of the 7th over - 0 runs, 0 hits, 0 errors, 0 left on base; St. Petersburg 4 - Atlantic City 6
TOP OF THE 8TH
St. Petersburg Thunder batting - Pitching for Atlantic City Sonics : RHP Clancy Daly
Batting: SHB Fernando Urby 0-0: Called Strike
0-1: Swinging Strike
0-2: Ball
1-2: Strikes out swinging
Batting: RHB Gene Blanton 0-0: Ball
1-0: Called Strike
1-1: Foul Ball, location: 2F
1-2: Foul Ball, location: 2F
1-2: Ball
2-2: Ground out 6-3 (Groundball, 6MD, EV 104.4 MPH)
Batting: LHB Carlos Leyva 0-0: Called Strike
0-1: Called Strike
0-2: Reached on error, E6 (Groundball, 6M, EV 84.4 MPH)
Pitching: RHP Peter Routledge
Batting: RHB Alfred Coleman 0-0: Called Strike
0-1: Swinging Strike
0-2: Ball
1-2: Foul Ball, location: 2F
1-2: Strikes out swinging, 2-3 out at first.
Top of the 8th over - 0 runs, 0 hits, 1 error, 1 left on base; St. Petersburg 4 - Atlantic City 6
BOTTOM OF THE 8TH
Atlantic City Sonics batting - Pitching for St. Petersburg Thunder : RHP Antony Durney
Batting: LHB Luis González 0-0: Ball
1-0: Called Strike
1-1: Foul Ball, location: 2F
1-2: Foul Ball, location: 2F
1-2: Ball
2-2: Ball
3-2: SINGLE (Groundball, 34D, EV 99.4 MPH)
Pitching: LHP Adrian Robertson
Batting: RHB Raffaello Dichio 0-0: Called Strike
0-1: Sac Bunt to 13 - play at first, batter OUT! 1-3
Luis González to second
Batting: RHB Denis Perrin 0-0: Intentional Walk
Batting: RHB Abhipala Srivastav 0-0: Foul Ball, location: 2F
0-1: Fly out, F8 (Flyball, 8LM, EV 91.2 MPH)
Batting: RHB Doug Tipton 0-0: Ball
1-0: Fielders Choice at 2nd, U4 (Groundball, 4M, EV 85.0 MPH)
Bottom of the 8th over - 0 runs, 1 hit, 0 errors, 2 left on base; St. Petersburg 4 - Atlantic City 6
TOP OF THE 9TH
St. Petersburg Thunder batting - Pitching for Atlantic City Sonics : RHP Peter Routledge
Pitching: RHP Chris Plautz
Batting: SHB Tekkan Hayagawa 0-0: Called Strike
0-1: Ball
1-1: Foul Ball, location: 2F
1-2: Ground out 1-3 (Groundball, 13, EV 86.2 MPH)
Batting: RHB Adrián Sánchez 0-0: Ball
1-0: SINGLE (Groundball, 6D, EV 108.1 MPH)
Batting: LHB Lorenzo Ortíz 0-0: Ball
1-0: Ball
2-0: Called Strike
2-1: Foul Ball, location: 2F
2-2: Strikes out looking
Batting: LHB Caspar Fewings 0-0: Ball
1-0: Ball
Wild Pitch!
Adrián Sánchez to second
2-0: Ball
3-0: Called Strike
3-1: Base on Balls
Batting: LHB Tippi Degré 0-0: Fly out, F8 (Flyball, 78XD, EV 106.9 MPH)
Top of the 9th over - 0 runs, 1 hit, 0 errors, 2 left on base; St. Petersburg 4 - Atlantic City 6
Tuesday, January 5th, 2021 - OOTP Baseball 20.8 Build 74